 Dungeon Crawl Stone Soup version 0.27-a0-1545-g3eddc1d3d3 (webtiles) character file.

Game seed: 2254859178431257855

34 HAL9000 the Sneak (level 3, -2/18 HPs)
             Began as a Vine Stalker Brigand on July 13, 2021.
             Slain by a worm (3 damage)
             ... on level 2 of the Dungeon.
             The game lasted 00:01:00 (1078 turns).

HAL9000 the Sneak (Vine Stalker Brigand)            Turns: 1078, Time: 00:01:01

Health: -2/18      AC:  3    Str: 14    XL:     3   Next: 31%
Magic:  0/4        EV: 11    Int: 11    God:
Gold:   61         SH:  0    Dex: 15    Spells: 2/2 levels left

rFire    . . .     SeeInvis .   a - +2 dagger
rCold    . . .     Faith    .   (no shield)
rNeg     . . .     Spirit   +   b - +0 robe
rPois    .         Reflect  .   (no helmet)
rElec    .         Harm     .   c - +0 cloak
rCorr    .         Rampage  .   (no gloves)
Will     .....                  (no boots)
Stlth    +++.......             (no amulet)
HPRegen  0.06/turn              (no ring)
MPRegen  0.09/turn              (no ring)

@: no status effects
A: fangs 2, magic shield, antimagic bite, no potion heal 2
a: no special abilities


You were on level 2 of the Dungeon.
You visited 1 branch of the dungeon, and saw 2 of its levels.

You collected 61 gold pieces.

Inventory:

Hand Weapons
 a - a +2 dagger (weapon)
Missiles
 d - 5 poisoned darts (quivered)
 e - 2 curare-tipped darts
Armour
 b - a +0 robe (worn)
 c - a +0 cloak (worn)
Scrolls
 f - a scroll of teleportation {unknown}
 g - 3 scrolls of identify {unknown}


   Skills:
 - Level 1.7 Fighting
 + Level 2.2 Short Blades
 - Level 1.7 Throwing
 - Level 0.7 Dodging
 - Level 6.0 Stealth


You had 2 spell levels left.
You didn't know any spells.
Your spell library was empty.

Dungeon Overview and Level Annotations

Branches:
Dungeon (2/15)

Altars:


Innate Abilities, Weirdness & Mutations

You have extremely sharp teeth.
When hurt, damage is shared between your health and your magic reserves.
Your bite disrupts and absorbs the magic of your enemies.
Potions cannot restore your health.


Message History

Found a stone staircase leading down.
g - 3 scrolls labelled OPTIANIEHO (gained 1)
There is a shaft here.
A worm comes into view.
Found a bubbling clear potion.
A worm is nearby!
Found a stone staircase leading up and a stone staircase leading down.
You hit the worm.
The worm is lightly wounded.
You hit the worm. You bite the worm, but do no damage.
The worm is moderately wounded.
The worm bites you!
You hit the worm. You bite the worm. You drain its power.
You feel invigorated.
The worm is heavily wounded.
You hit the worm. Your bite misses the worm.
The worm is almost dead.
The worm bites you!
You are too injured to fight recklessly!
Throw: 8 darts (poison)
Press: ? - help, Q - select action, (/) - cycle Shift-Dir - straight line, f - worm
Aim: a worm (severely wounded, 77% to hit)
You throw a poisoned dart. The poisoned dart hits the worm.
The worm is poisoned.
The worm is severely wounded.
Throw: 7 darts (poison)
Press: ? - help, Q - select action, (/) - cycle Shift-Dir - straight line, f/p - worm
Aim: a worm (severely wounded, poisoned, 77% to hit)
You throw a poisoned dart. The poisoned dart hits the worm.
The worm looks even sicker.
The worm is severely wounded.
Throw: 6 darts (poison)
Press: ? - help, Q - select action, (/) - cycle Shift-Dir - straight line, f/p - worm
Aim: a worm (severely wounded, very poisoned, 77% to hit)
You throw a poisoned dart. The poisoned dart hits the worm.
The worm is severely wounded.
Unknown command.
The worm bites you!
* * * LOW HITPOINT WARNING * * *
The worm bites you.
You die...

#..........#.#.[#.#
.............#.#
.....#.# ....#.#
#.##.#.# #......#
#.###..#
#####.^###.#
#....@.....#
#.###w.#####
#...(....#
#.##.###.# #.#....#
# #(.#.# #<...#.#
....##.# # ....!.
...


You could see a worm (poisoned).

Vanquished Creatures
  2 ball pythons (D:1)
  A bat (D:1)
  5 endoplasms
  5 giant cockroaches (D:1)
  2 goblins (D:1)
  A hobgoblin (D:1)
  2 jackals (D:1)
  3 kobolds (D:1)
  3 quokkas (D:1)
  A frilled lizard (D:1)
  A rat (D:1)
26 creatures vanquished.

Notes
Turn   | Place    | Note
-------+----------+-------------------------------------------
     0 | D:1      | HAL9000 the Vine Stalker Brigand began the quest for the
                  | Orb.
     0 | D:1      | Reached XP level 1. HP: 11/11 MP: 2/2
    46 | D:1      | Reached skill level 5 in Stealth
    90 | D:1      | Found a faded altar of an unknown god.
   102 | D:1      | Reached XP level 2. HP: 9/15 MP: 1/3
   553 | D:1      | Reached skill level 6 in Stealth
   654 | D:1      | Reached XP level 3. HP: 18/18 MP: 4/4
  1078 | D:2      | Slain by a worm

Illustrated notes

Levels and vault maps discovered:
D:1:      erik_arrival_orb_chamber, layout_loops_ring,
          shapermc_ecumenical_altar_pompeii, grunt_decor_arrowhead,
          minivault_27, hangedman_decor_push
D:2:      layout_basic, fountainhead

Skill      XL: |  1  2  3 |
---------------+----------+-----
Stealth        | 5 6 |  6.0
Short Blades   | 2 |  2.2
Fighting       | |  1.7
Throwing       | |  1.7
Dodging        | |  0.7

Action                   || total
-------------------------++-------
Melee: Dagger            ||    58
       Bite              ||    14
Throw: Dart              ||     3
 Stab: Sleeping          ||    11
Armor: Robe              ||     9
Dodge: Dodged            ||    25

Table legend: (Time is in decaauts)
 A = Elapsed time spent in this place.
 B = Non-inter-level travel time spent in this place.
 C = Inter-level travel time spent in this place.
 D = Time resting spent in this place.
 E = Time spent auto-exploring this place.
 F = Levels seen in this place.
 G = Mean time per level.
                   A        B        C        D        E       F      G
               +--------+--------+--------+--------+--------+-----+--------+
         Total |   1072 |   1017 |     55 |      0 |    851 |   2 |  536.0 |
       Dungeon |   1072 |   1017 |     55 |      0 |    851 |   2 |  536.0 |
               +--------+--------+--------+--------+--------+-----+--------+

Top non-repeatable levels by time:
     D:1: 1011 daAuts
     D:2: 61 daAuts
